| TOP OF THE 1ST |
|
University of South Carolina Gamecocks batting - Pitching for University of Toronto Marlies : RHP Robert Mccabe
|
|
Pitching: RHP Robert Mccabe
|
|
|
Batting: RHB Mike Chiquete
|
0-0: SINGLE (Groundball, 34D, EV 94.4 MPH)
|
|
Batting: RHB Jim Smallwood
|
0-0: DOUBLE (Groundball, 5L, EV 98.8 MPH) Mike Chiquete to third
|
|
Batting: RHB Mike Berzins
|
0-0: DOUBLE (Line Drive, 89M, EV 93.1 MPH) Mike Chiquete scores Jim Smallwood scores
|
|
Batting: LHB Jose Mafano
|
0-0: Foul Ball, location: 2F 0-1: SINGLE (Line Drive, 4MD, EV 101.9 MPH) Mike Berzins to third Runner from 3rd tries for Home, throw by CF and OUT! 8-2
|
|
Batting: RHB Danny Rodriguez
|
0-0: Ball 1-0: Foul Ball, location: 2F 1-1: Ball 2-1: Swinging Strike 2-2: SINGLE (Line Drive, 56D, EV 98.8 MPH) Jose Mafano to second
|
|
Batting: LHB Bruce Daley
|
0-0: Swinging Strike 0-1: Ball 1-1: Ball 2-1: Grounds out, U3 (Groundball, 3L, EV 90.0 MPH) Jose Mafano to third
|
|
Batting: LHB John Harvey
|
0-0: Ground out 6-3 (Groundball, 6S, EV 92.5 MPH)
|
| Top of the 1st over - 2 runs, 5 hits, 0 errors, 2 left on base; University of South Carolina 2 - University of Toronto 0 |
| BOTTOM OF THE 1ST |
|
University of Toronto Marlies batting - Pitching for University of South Carolina Gamecocks : LHP Tara Kawashima
|
|
Pitching: LHP Tara Kawashima
|
|
|
Batting: SHB Jose Melendez
|
0-0: Called Strike 0-1: Ball 1-1: Swinging Strike 1-2: Fly out, F8 (Flyball, 8LXD, EV 97.5 MPH)
|
|
Batting: RHB Akichika Yamano
|
0-0: Called Strike 0-1: Foul Ball, location: 2F 0-2: Ball 1-2: Strikes out swinging
|
|
Batting: RHB Logan Johnson
|
0-0: Fly out, F6 (Flyball, 6MD, EV 93.8 MPH)
|
| Bottom of the 1st over - 0 runs, 0 hits, 0 errors, 0 left on base; University of South Carolina 2 - University of Toronto 0 |
| TOP OF THE 2ND |
|
University of South Carolina Gamecocks batting - Pitching for University of Toronto Marlies : RHP Robert Mccabe
|
|
Batting: RHB Pablo Henriquez
|
0-0: Called Strike 0-1: Foul Ball, location: 2F 0-2: SINGLE (Line Drive, 78S, EV 100.6 MPH)
|
|
Batting: RHB Mark Squires
|
0-0: Swinging Strike 0-1: Ball 1-1: Ball 2-1: Ball 3-1: Foul Ball, location: 2F 3-2: Strikes out swinging
|
|
Batting: RHB Mike Chiquete
|
0-0: Ball 1-0: Ball 2-0: Called Strike 2-1: Fly out, F9 (Flyball, 9, EV 78.8 MPH)
|
|
Batting: RHB Jim Smallwood
|
0-0: SINGLE (Groundball, 56D, EV 96.9 MPH) Pablo Henriquez to second
|
|
Batting: RHB Mike Berzins
|
0-0: Called Strike 0-1: Ball 1-1: Ball 2-1: Ball 3-1: Foul Ball, location: 2F 3-2: Base on Balls Pablo Henriquez to third Jim Smallwood to second
|
|
Batting: LHB Jose Mafano
|
0-0: Called Strike 0-1: DOUBLE (Line Drive, 89D, EV 111.9 MPH) Pablo Henriquez scores Jim Smallwood scores Mike Berzins to third Runner from 3rd tries for Home, SAFE, no throw by CF
|
|
Batting: RHB Danny Rodriguez
|
0-0: Swinging Strike 0-1: Called Strike 0-2: Foul Ball, location: 2F 0-2: Ball 1-2: Foul Ball, location: 2F 1-2: Ground out 6-3 (Groundball, 6, EV 79.4 MPH)
|
| Top of the 2nd over - 3 runs, 3 hits, 0 errors, 1 left on base; University of South Carolina 5 - University of Toronto 0 |
| BOTTOM OF THE 2ND |
|
University of Toronto Marlies batting - Pitching for University of South Carolina Gamecocks : LHP Tara Kawashima
|
|
Batting: SHB Jack Tierney
|
0-0: Called Strike 0-1: Foul Ball, location: 2F 0-2: Ball 1-2: Ball 2-2: Foul Ball, location: 2F 2-2: Ball 3-2: Foul Ball, location: 2F 3-2: Fly out, F8 (Flyball, 8RM, EV 94.4 MPH)
|
|
Batting: LHB Efrem Isaev
|
0-0: Ball 1-0: Swinging Strike 1-1: Ball 2-1: Foul Ball, location: 2F 2-2: Foul Ball, location: 2F 2-2: Strikes out looking
|
|
Batting: RHB Jeff McClellan
|
0-0: Ball 1-0: Ball 2-0: Called Strike 2-1: Foul Ball, location: 2F 2-2: Foul Ball, location: 2F 2-2: Fly out, F7 (Flyball, 7LD, EV 75.0 MPH)
|
| Bottom of the 2nd over - 0 runs, 0 hits, 0 errors, 0 left on base; University of South Carolina 5 - University of Toronto 0 |
| TOP OF THE 3RD |
|
University of South Carolina Gamecocks batting - Pitching for University of Toronto Marlies : RHP Robert Mccabe
|
|
Batting: LHB Bruce Daley
|
0-0: Ball 1-0: Ball 2-0: SINGLE (Groundball, 6MD, EV 103.8 MPH)
|
|
Batting: LHB John Harvey
|
0-0: Ball 1-0: Fielders Choice at 2nd, 2-4 (Groundball, 2L, EV 60.6 MPH)
|
|
Batting: RHB Pablo Henriquez
|
0-0: Swinging Strike 0-1: Foul Ball, location: 2F 0-2: Fielders Choice at 2nd, 4-6 (Groundball, 4, EV 106.2 MPH)
|
|
Batting: RHB Mark Squires
|
0-0: Foul Ball, location: 2F 0-1: Ball 1-1: Ball 2-1: Swinging Strike 2-2: Strikes out swinging
|
| Top of the 3rd over - 0 runs, 1 hit, 0 errors, 1 left on base; University of South Carolina 5 - University of Toronto 0 |
| BOTTOM OF THE 3RD |
|
University of Toronto Marlies batting - Pitching for University of South Carolina Gamecocks : LHP Tara Kawashima
|
|
Batting: SHB Shannon Britten
|
0-0: Called Strike 0-1: Ball 1-1: Ball 2-1: Fly out, F9 (Line Drive, 9LM, EV 92.5 MPH)
|
|
Batting: RHB Elmar Adenauer
|
0-0: Ball 1-0: Called Strike 1-1: Ball 2-1: Fly out, F2 (Popup, 15S, EV 80.6 MPH)
|
|
Batting: RHB Alex Gonzalez
|
0-0: Ball 1-0: SOLO HOME RUN (Line Drive, 78XD, EV 111.2 MPH), Distance : 424 ft
|
|
Batting: SHB Jose Melendez
|
0-0: Ball 1-0: Swinging Strike 1-1: Swinging Strike 1-2: Strikes out looking
|
| Bottom of the 3rd over - 1 run, 1 hit, 0 errors, 0 left on base; University of South Carolina 5 - University of Toronto 1 |
| TOP OF THE 4TH |
|
University of South Carolina Gamecocks batting - Pitching for University of Toronto Marlies : RHP Robert Mccabe
|
|
Batting: RHB Mike Chiquete
|
0-0: Ball 1-0: Foul Ball, location: 2F 1-1: Foul Ball, location: 2F 1-2: Foul Ball, location: 2F 1-2: Ball 2-2: Foul Ball, location: 2F 2-2: Foul Ball, location: 2F 2-2: Foul Ball, location: 2F 2-2: Ball 3-2: SINGLE (Groundball, 6D, EV 99.4 MPH)
|
|
Pitching: LHP Joe McLaughlin
|
|
|
Batting: RHB Jim Smallwood
|
0-0: Called Strike 0-1: Swinging Strike 0-2: Strikes out swinging
|
|
Batting: RHB Mike Berzins
|
0-0: Swinging Strike 0-1: Foul Ball, location: 2F 0-2: Ball 1-2: Fly out, F9 (Flyball, 89M, EV 96.9 MPH)
|
|
Batting: LHB Jose Mafano
|
0-0: Ball 1-0: Foul Ball, location: 2F 1-1: Fielders Choice at 2nd, 5-4 (Groundball, 5, EV 105.0 MPH)
|
| Top of the 4th over - 0 runs, 1 hit, 0 errors, 1 left on base; University of South Carolina 5 - University of Toronto 1 |
| BOTTOM OF THE 4TH |
|
University of Toronto Marlies batting - Pitching for University of South Carolina Gamecocks : LHP Tara Kawashima
|
|
Batting: RHB Akichika Yamano
|
0-0: Ball 1-0: Called Strike 1-1: Foul Ball, location: 2F 1-2: Ball 2-2: Ball 3-2: Foul Ball, location: 2F 3-2: Foul Ball, location: 2F 3-2: Fly out, F8 (Flyball, 8RD, EV 93.1 MPH)
|
|
Batting: RHB Logan Johnson
|
0-0: Ball 1-0: Ball 2-0: Ball 3-0: Called Strike 3-1: Called Strike 3-2: SINGLE (Groundball, 25, EV 68.1 MPH) (infield hit)
|
|
Batting: SHB Jack Tierney
|
0-0: Called Strike 0-1: Swinging Strike 0-2: Ball 1-2: Ball 2-2: Strikes out swinging
|
|
Batting: LHB Efrem Isaev
|
0-0: Called Strike 0-1: Ground out 4-3 (Groundball, 4S, EV 91.2 MPH)
|
| Bottom of the 4th over - 0 runs, 1 hit, 0 errors, 1 left on base; University of South Carolina 5 - University of Toronto 1 |
| TOP OF THE 5TH |
|
University of South Carolina Gamecocks batting - Pitching for University of Toronto Marlies : LHP Joe McLaughlin
|
|
Batting: RHB Danny Rodriguez
|
0-0: Called Strike 0-1: Ball 1-1: Ball 2-1: Ball 3-1: Foul Ball, location: 2F 3-2: Base on Balls
|
|
Batting: LHB Bruce Daley
|
0-0: Ball 1-0: Sac Bunt to 13S - play at first, batter OUT! 1-3 Danny Rodriguez to second
|
|
Batting: LHB John Harvey
|
0-0: Foul Ball, location: 2F 0-1: Ball 1-1: Ball 2-1: SINGLE (Groundball, 4MD, EV 97.5 MPH) Danny Rodriguez to third Runner from 3rd tries for Home, SAFE, throw by CF to home
|
|
Batting: RHB Pablo Henriquez
|
0-0: Called Strike 0-1: Foul Ball, location: 2F 0-2: Ball 1-2: Foul Ball, location: 2F 1-2: SINGLE (Line Drive, 4D, EV 99.4 MPH) John Harvey to second Runner from 2nd tries for 3rd, SAFE, throw by RF made to third
|
|
Batting: RHB Mark Squires
|
0-0: Foul Ball, location: 2F 0-1: Foul Ball, location: 2F 0-2: Grounds into double play, 4-6-3 (Groundball, 4, EV 85.0 MPH)
|
| Top of the 5th over - 1 run, 2 hits, 0 errors, 1 left on base; University of South Carolina 6 - University of Toronto 1 |
| BOTTOM OF THE 5TH |
|
University of Toronto Marlies batting - Pitching for University of South Carolina Gamecocks : LHP Tara Kawashima
|
|
Batting: RHB Jeff McClellan
|
0-0: Called Strike 0-1: Swinging Strike 0-2: Strikes out swinging
|
|
Batting: SHB Shannon Britten
|
0-0: Ball 1-0: Called Strike 1-1: Foul Ball, location: 2F 1-2: Ball 2-2: Fly out, F9 (Flyball, 89M, EV 90.6 MPH)
|
|
Batting: RHB Elmar Adenauer
|
0-0: Ball 1-0: Foul Ball, location: 2F 1-1: Foul Ball, location: 2F 1-2: Ground out 6-3 (Groundball, 6, EV 85.0 MPH)
|
| Bottom of the 5th over - 0 runs, 0 hits, 0 errors, 0 left on base; University of South Carolina 6 - University of Toronto 1 |
| TOP OF THE 6TH |
|
University of South Carolina Gamecocks batting - Pitching for University of Toronto Marlies : LHP Joe McLaughlin
|
|
Batting: RHB Mike Chiquete
|
0-0: Ball 1-0: Ball 2-0: Swinging Strike 2-1: Ball 3-1: Foul Ball, location: 2F 3-2: Foul Ball, location: 2F 3-2: Base on Balls
|
|
Batting: RHB Jim Smallwood
|
0-0: Ball 1-0: Called Strike 1-1: Ball 2-1: Ball 3-1: Fly out, F9 (Flyball, 9, EV 96.9 MPH)
|
|
Pitching: LHP Jordan Medina
|
|
|
Batting: RHB Mike Berzins
|
0-0: DOUBLE (Flyball, 89D, EV 107.5 MPH) Mike Chiquete to third
|
|
Batting: LHB Jose Mafano
|
0-0: Called Strike 0-1: SINGLE (Groundball, 56D, EV 97.5 MPH) Mike Chiquete scores Mike Berzins to third Runner from 3rd tries for Home, SAFE, throw by LF to home
|
|
Batting: RHB Danny Rodriguez
|
0-0: Called Strike 0-1: Ball 1-1: SINGLE (Flyball, 34D, EV 83.1 MPH) Jose Mafano to second
|
|
Batting: LHB Bruce Daley
|
0-0: Ball 1-0: Swinging Strike 1-1: Called Strike 1-2: Ball 2-2: Foul Ball, location: 2F 2-2: Ball 3-2: DOUBLE (Line Drive, 5D, EV 104.4 MPH) Jose Mafano scores Danny Rodriguez to third
|
|
Batting: LHB John Harvey
|
0-0: Called Strike 0-1: Swinging Strike 0-2: Strikes out looking
|
|
Batting: RHB Pablo Henriquez
|
0-0: Swinging Strike 0-1: Swinging Strike 0-2: Strikes out looking
|
| Top of the 6th over - 3 runs, 4 hits, 0 errors, 2 left on base; University of South Carolina 9 - University of Toronto 1 |
| BOTTOM OF THE 6TH |
|
University of Toronto Marlies batting - Pitching for University of South Carolina Gamecocks : LHP Tara Kawashima
|
|
Batting: RHB Alex Gonzalez
|
0-0: Swinging Strike 0-1: Foul Ball, location: 2F 0-2: Ball 1-2: Strikes out swinging
|
|
Pitching: RHP Jose Barrientos
|
|
|
Batting: SHB Jose Melendez
|
0-0: Called Strike 0-1: Foul Ball, location: 2F 0-2: Ball 1-2: Strikes out swinging
|
|
Batting: RHB Akichika Yamano
|
0-0: Swinging Strike 0-1: Ball 1-1: Ball 2-1: Ball 3-1: Foul Ball, location: 2F 3-2: Base on Balls
|
|
Batting: RHB Logan Johnson
|
0-0: Hit by Pitch Akichika Yamano to second
|
|
Batting: SHB Jack Tierney
|
0-0: Ball 1-0: Foul Ball, location: 2F 1-1: Ball 2-1: Swinging Strike 2-2: Foul Ball, location: 2F 2-2: Foul Ball, location: 2F 2-2: Ball 3-2: Strikes out looking
|
| Bottom of the 6th over - 0 runs, 0 hits, 0 errors, 2 left on base; University of South Carolina 9 - University of Toronto 1 |
| TOP OF THE 7TH |
|
University of South Carolina Gamecocks batting - Pitching for University of Toronto Marlies : LHP Jordan Medina
|
|
Batting: RHB Mark Squires
|
0-0: Ball 1-0: SINGLE (Flyball, 78S, EV 92.5 MPH)
|
|
Batting: RHB Mike Chiquete
|
0-0: Foul Ball, location: 2F 0-1: Called Strike 0-2: Ball 1-2: Foul Ball, location: 2F 1-2: Strikes out swinging
|
|
Batting: RHB Jim Smallwood
|
0-0: Ball 1-0: Swinging Strike 1-1: Foul Ball, location: 2F 1-2: Strikes out swinging
|
|
Batting: RHB Mike Berzins
|
0-0: Fly out, F8 (Flyball, 8RD, EV 90.0 MPH)
|
| Top of the 7th over - 0 runs, 1 hit, 0 errors, 1 left on base; University of South Carolina 9 - University of Toronto 1 |
| BOTTOM OF THE 7TH |
|
University of Toronto Marlies batting - Pitching for University of South Carolina Gamecocks : RHP Jose Barrientos
|
|
Batting: LHB Efrem Isaev
|
0-0: Foul Ball, location: 2F 0-1: Ball 1-1: Swinging Strike 1-2: Ball 2-2: Foul Ball, location: 2F 2-2: Strikes out swinging
|
|
Batting: RHB Jeff McClellan
|
0-0: Foul Ball, location: 2F 0-1: Ball 1-1: Ball 2-1: Ball 3-1: Base on Balls
|
|
Pitching: RHP Elijah McKay
|
|
|
Batting: SHB Shannon Britten
|
0-0: Called Strike Jeff McClellan steals 2nd base (no throw) 0-1: Called Strike 0-2: Ball 1-2: Ball Wild Pitch! Jeff McClellan to third 2-2: Fly out, F9 (Flyball, 89M, EV 87.5 MPH) Runner from 3rd tags up, SCORES, throw by RF
|
|
Batting: RHB Elmar Adenauer
|
0-0: Called Strike 0-1: Ball 1-1: Called Strike 1-2: Ball 2-2: Ball 3-2: Strikes out looking
|
| Bottom of the 7th over - 1 run, 0 hits, 0 errors, 0 left on base; University of South Carolina 9 - University of Toronto 2 |
| TOP OF THE 8TH |
|
University of South Carolina Gamecocks batting - Pitching for University of Toronto Marlies : LHP Jordan Medina
|
|
Batting: LHB Jose Mafano
|
0-0: Called Strike 0-1: Ball 1-1: Swinging Strike 1-2: Fly out, F6 (Line Drive, 6D, EV 66.2 MPH)
|
|
Pitching: RHP Kevin Knickle
|
|
|
Batting: RHB Danny Rodriguez
|
0-0: Ball 1-0: Called Strike 1-1: Foul Ball, location: 2F 1-2: Ball 2-2: Foul Ball, location: 2F 2-2: Foul Ball, location: 2F 2-2: Foul Ball, location: 2F 2-2: Fly out, F7 (Line Drive, 78M, EV 90.6 MPH)
|
|
Batting: LHB Bruce Daley
|
0-0: Ball 1-0: Called Strike 1-1: Ball 2-1: Ground out 4-3 (Groundball, 4, EV 76.2 MPH)
|
| Top of the 8th over - 0 runs, 0 hits, 0 errors, 0 left on base; University of South Carolina 9 - University of Toronto 2 |
| BOTTOM OF THE 8TH |
|
University of Toronto Marlies batting - Pitching for University of South Carolina Gamecocks : RHP Elijah McKay
|
|
Batting: RHB Alex Gonzalez
|
0-0: Reached on error, E4 (Groundball, 34, EV 103.1 MPH)
|
|
Batting: SHB Jose Melendez
|
0-0: Called Strike 0-1: Foul Ball, location: 2F 0-2: Foul Ball, location: 2F 0-2: Fly out, F7 (Line Drive, 7, EV 88.1 MPH)
|
|
Batting: RHB Akichika Yamano
|
0-0: Grounds into double play, 6-4-3 (Groundball, 6, EV 108.8 MPH)
|
| Bottom of the 8th over - 0 runs, 0 hits, 1 error, 0 left on base; University of South Carolina 9 - University of Toronto 2 |
| TOP OF THE 9TH |
|
University of South Carolina Gamecocks batting - Pitching for University of Toronto Marlies : RHP Kevin Knickle
|
|
Batting: LHB John Harvey
|
0-0: Called Strike 0-1: Ball 1-1: Foul Ball, location: 2F 1-2: Ball 2-2: Ground out 4-3 (Groundball, 4S, EV 89.4 MPH)
|
|
Batting: RHB Pablo Henriquez
|
0-0: Called Strike 0-1: Ball 1-1: Ball 2-1: Ground out U3 (Groundball, 34S, EV 81.9 MPH)
|
|
Pinch Hitting: RHB Colin Morris
|
0-0: Called Strike 0-1: Swinging Strike 0-2: Ball 1-2: Foul Ball, location: 2F 1-2: Ball 2-2: Ball 3-2: Foul Ball, location: 2F 3-2: Ground out 4-3 (Groundball, 4, EV 83.1 MPH)
|
| Top of the 9th over - 0 runs, 0 hits, 0 errors, 0 left on base; University of South Carolina 9 - University of Toronto 2 |
| BOTTOM OF THE 9TH |
|
University of Toronto Marlies batting - Pitching for University of South Carolina Gamecocks : RHP Elijah McKay
|
|
Now at C: Ron Handford
|
|
|
Batting: RHB Logan Johnson
|
0-0: Called Strike 0-1: Ball 1-1: Called Strike 1-2: Ball 2-2: Ball 3-2: Strikes out swinging
|
|
Batting: SHB Jack Tierney
|
0-0: Foul Ball, location: 2F 0-1: Called Strike 0-2: Ball 1-2: Foul Ball, location: 2F 1-2: Foul Ball, location: 2F 1-2: Foul Ball, location: 2F 1-2: Ground out 6-3 (Groundball, 6D, EV 105.0 MPH)
|
|
Batting: LHB Efrem Isaev
|
0-0: Ball 1-0: Foul Ball, location: 2F 1-1: Ball 2-1: Fly out, F8 (Flyball, 8RD, EV 102.5 MPH)
|
| Bottom of the 9th over - 0 runs, 0 hits, 0 errors, 0 left on base; University of South Carolina 9 - University of Toronto 2 |
|